 Dungeon Crawl Stone Soup version 0.26.0-10-g1f06aea511 (webtiles) character file.

Game seed: 1610770380542797693

16 Borgoz the Slasher (level 2, -6/25 HPs)
             Began as a Ghoul Gladiator on Jan 15, 2021.
             Mangled by Sigmund
             ... wielding a +0 scythe
              (7 damage)
             ... on level 2 of the Dungeon.
             The game lasted 00:00:39 (969 turns).

Borgoz the Slasher (Ghoul Gladiator)                 Turns: 969, Time: 00:00:40

Health: -6/25      AC:  4    Str: 17    XL:     2   Next: 58%
Magic:  1/1        EV: 12    Int:  3    God:
Gold:   35         SH:  0    Dex: 10    Spells: 1/1 levels left

rFire    . . .     SeeInvis .   a - +0 long sword
rCold    + . .     Faith    .   (no shield)
rNeg     + + +     Spirit   .   b - +0 leather armour
rPois    ∞         Reflect  .   c - +0 helmet
rElec    .         Harm     .   (no cloak)
rCorr    .         Rampage  .   (no gloves)
Will     .....                  (no boots)
Stlth    +.........             (no amulet)
HPRegen  0.00/turn              (no ring)
MPRegen  0.07/turn              (no ring)

@: brilliant
A: claws 1, cold resistance 1, negative energy resistance 3, inhibited
regeneration, torment resistance, unbreathing
a: no special abilities


You were on level 2 of the Dungeon.
You visited 1 branch of the dungeon, and saw 2 of its levels.

You collected 35 gold pieces.

Inventory:

Hand Weapons
 a - a +0 long sword (weapon)
Missiles
 d - 2 throwing nets (quivered)
Armour
 b - a +0 leather armour (worn)
 c - a +0 helmet (worn)
Scrolls
 f - a scroll of enchant armour {unknown}
 g - 2 scrolls of remove curse {unknown}
 h - a scroll of fear {unknown}
 i - a scroll of teleportation {unknown}


   Skills:
 + Level 2.3 Fighting
 * Level 3.0 Long Blades
 - Level 1.7 Throwing
 * Level 1.0 Armour
 + Level 2.8 Dodging


You had one spell level left.
You didn't know any spells.
Your spell library was empty.

Dungeon Overview and Level Annotations

Branches:
Dungeon (2/15)

Altars:
Xom

Annotations:
D:2 Sigmund


Innate Abilities, Weirdness & Mutations

You thrive by killing the living.
You are immune to poison.
You have sharp fingernails.
Your flesh is cold resistant. (rC+)
You are immune to negative energy. (rN+++)
You do not regenerate when monsters are visible.
You are immune to unholy pain and torment.
You can survive without breathing.


Message History

You closely miss Sigmund.
Sigmund is moderately wounded.
You closely miss Sigmund.
Sigmund is moderately wounded.
Sigmund misses you.
You barely miss Sigmund.
Sigmund is moderately wounded.
Sigmund hits you with a +0 scythe!
* * * LOW HITPOINT WARNING * * *
You hit Sigmund but do no damage.
Sigmund is moderately wounded.
Sigmund closely misses you.
You aren't carrying any potions.
Throw: 3 throwing nets
Press: ? - help, Q - select action Shift-Dir - straight line, f - Sigmund
Aim: Sigmund, wielding a +0 scythe and wearing a +0 robe (moderately wounded)
You throw a throwing net.
The throwing net closely misses Sigmund.
Sigmund hits you with a +0 scythe!
You die...

######## #. #
#...... ..
#.##.....##.##.
#..............
#..# #....)..>#
#.. #...@@..(#
#..
#####)##..>...
#.. ...#.#
..##. #.#
##.#$###....
#.#
#........###. #
#.# #.#####..#
#.##.######.#
..#
#..<........#
...
#.#########.#
##


You could see Sigmund.

Vanquished Creatures
  An ooze (D:2)
  A ball python (D:1)
  2 bats
  2 hobgoblins
  4 goblins
  A rat (D:1)
11 creatures vanquished.

Notes
Turn   | Place    | Note
-------+----------+-------------------------------------------
     0 | D:1      | Borgoz the Ghoul Gladiator began the quest for the Orb.
     0 | D:1      | Reached XP level 1. HP: 17/17 MP: 0/0
   143 | D:1      | Found a shimmering altar of Xom.
   945 | D:2      | Reached XP level 2. HP: 24/24 MP: 1/1
   951 | D:2      | Noticed Sigmund
   964 | D:2      | Reached skill level 3 in Long Blades
   964 | D:2      | Reached skill level 1 in Armour
   967 | D:2      | HP: 1/25 [Sigmund/+0 scythe (11)]
   969 | D:2      | Mangled by Sigmund

Illustrated notes

Levels and vault maps discovered:
D:1:      heliophobic_arrival_glass_houses, layout_loops_corners,
          xom_teletrap_fun
D:2:      layout_loops_ring, nicolae_overflow_crystal_walls,
          chequers_ecumenical_altar_simple, hangedman_feature_mirror,
          uniq_sigmund

Skill      XL: |  1  2 |
---------------+-------+-----
Long Blades    | 3 |  3.0
Armour         | 1 |  1.0
Fighting       | |  2.3
Throwing       | |  1.7
Dodging        | |  2.8

Action                   || total
-------------------------++-------
Melee: Long sword        ||    38
Throw: Throwing net      ||     1
  Use: Potion            ||     3
Armor: Leather armour    ||    10
Dodge: Dodged            ||    30
       Rpst.: Long sword ||    11
